 Dungeon Crawl Stone Soup version 0.17.1-3-g152610e (webtiles) character file.

80 kaze the Sneak (level 4, -1/33 HPs)
             Began as a Vampire Assassin on Mar 21, 2016.
             Slain by Shufflesack's ghost (5 damage)
             ... on level 3 of the Dungeon.
             The game lasted 00:05:08 (1652 turns).

kaze the Sneak (Vampire Assassin)                   Turns: 1652, Time: 00:05:08

Health: -1/33      AC:  5    Str: 10    XL:     4   Next: 18%
Magic:  4/4        EV: 12    Int: 13    God:
Gold:   92         SH:  0    Dex: 16    Spells: 0 memorised, 3 levels left

rFire  . . .     SeeInvis +     x - -3 dagger (curse)
rCold  . . .     Clarity  .     c - +0 robe
rNeg   + . .     SustAt   .     (no shield)
rPois  .         Gourm    .     (no helmet)
rElec  .         Spirit   .     d - +0 cloak
rCorr  .         Warding  .     (no gloves)
rMut   .         Stasis   .     l - +1 pair of boots
MR     .....                    (no amulet)
Stlth  ++++......               (no ring)
                                (no ring)

@: lethally poisoned (-1 -> -4), not resistant to hostile enchantments, stealthy
A: fangs 3, see invisible, unbreathing
a: Bat Form


You were on level 3 of the Dungeon.
You were not thirsty.

You visited 1 branch of the dungeon, and saw 3 of its levels.

You collected 92 gold pieces.

Inventory:

Hand Weapons
 a - a +3 dagger
 b - a +0 blowgun
 m - a +0 hunting sling
 r - a +2 dagger
 x - a cursed -3 dagger (weapon)
Missiles
 e - 7 poisoned needles
 f - 2 curare-tipped needles
 k - 5 needles of slowing
 n - 3 needles of paralysis
 o - 15 sling bullets of flame
 t - 43 stones (quivered)
 w - 7 tomahawks
Armour
 c - a +0 robe (worn)
 d - a +0 cloak (worn)
 l - a +1 pair of boots (worn)
Jewellery
 v - a +1 ring of protection
Scrolls
 h - 4 scrolls of identify
 i - a scroll of noise
 y - a scroll of blinking {unknown}
Potions
 g - 2 potions of blood
 j - a potion of degeneration {unknown}
 p - 2 potions of heal wounds {unknown}
 q - 3 potions of invisibility {unknown}
 s - a potion of flight {unknown}
 u - a potion of magic {unknown}


   Skills:
 + Level 2.0 Fighting
 + Level 2.7 Short Blades
 + Level 1.7 Throwing
 + Level 1.5 Dodging
 + Level 7.7 Stealth


You had 3 spell levels left.
You didn't know any spells.

Dungeon Overview and Level Annotations

Branches:
Dungeon (3/15)

Altars:
Elyvilon
Fedhas
Nemelex Xobeh
Sif Muna

Annotations:
D:3 Shufflesack's ghost, amateur OpAs


Innate Abilities, Weirdness & Mutations

You have razor-sharp teeth.
You have supernaturally acute eyesight.
You can survive without breathing.


Message History

Unknown command.
You are too injured to fight recklessly!
You hit the adder but do no damage. You bite the adder.
You draw the adder's blood!
You feel better.
You feel slightly less thirsty.
The adder is almost dead.
The bat hits you but does no damage. The bat barely misses you.
The adder bites you.
* * * LOW HITPOINT WARNING * * *
The adder bites you.
* * * LOW HITPOINT WARNING * * *
Shufflesack's ghost hits you but does no damage.
You hit the adder but do no damage.
The adder is almost dead.
The bat hits you but does no damage. The goblin hits you but does no damage.
The bat closely misses you. The adder bites you but does no damage.
You hit the adder.
You kill the adder!
The bat barely misses you. The bat hits you but does no damage.
Shufflesack's ghost hits you.
You die...

*******,,,,,,,,,,,,..............
,,,,,,,,**,**#.....#######.######
**,,,,,***,* #!....# ##.######
*****,,,*,*##.....# #..##....
***,,,,,......# #.###....
**,,**#.....# ###.# #....
******,** #.....# #...# #....
*,,,,,,* #.Wg<.# #.### #....
**,****** #.b@..####.# #.... *,,*
#b..###....# #>... ###.#*
##...[...#### *###### ....#
#....##### #...... .#***
#....##########..#### ##
##..##...........# #
####..##.######..###
###########........# ###.##
...##.......######## #...#


You could see Shufflesack's ghost, a goblin and 2 bats.

Vanquished Creatures
  A centaur skeleton (D:3)
  2 adders
  2 oozes
  A worm (D:2)
  A ball python (D:3)
  3 bats (D:1)
  A giant cockroach (D:1)
  2 hobgoblins (D:2)
  3 kobolds
  A goblin (D:2)
  A jackal (D:2)
  5 rats
23 creatures vanquished.

Notes
Turn   | Place    | Note
--------------------------------------------------------------
     0 | D:1      | kaze the Vampire Assassin began the quest for the Orb.
     0 | D:1      | Reached XP level 1. HP: 16/16 MP: 1/1
   409 | D:1      | Reached skill level 6 in Stealth
   641 | D:1      | Reached XP level 2. HP: 22/22 MP: 2/2
   693 | D:2      | Found a white marble altar of Elyvilon.
   764 | D:2      | Found a blossoming altar of Fedhas.
   765 | D:2      | Found a deep blue altar of Sif Muna.
   855 | D:2      | Reached skill level 7 in Stealth
   939 | D:2      | Found a sparkling altar of Nemelex Xobeh.
  1126 | D:2      | Reached XP level 3. HP: 27/27 MP: 3/3
  1542 | D:3      | Reached XP level 4. HP: 33/33 MP: 4/4
  1634 | D:3      | Noticed Shufflesack's ghost (amateur OpAs)
  1652 | D:3      | Slain by Shufflesack's ghost

Action                   |  1- 3 |  4- 6 || total
-------------------------+-------+-------++-------
Melee: Dagger            |    63 |    25 ||    88
 Fire: Blowgun           |     4 |       ||     4
  Use: Scroll            |     4 |     1 ||     5
       Potion            |     1 |     1 ||     2
 Stab: Sleeping          |     7 |     1 ||     8
